Map: Heavy Artillery LE

Players

DonCarleone

  • Race: Protoss Protoss
  • League: Master
  • Spawn Location: 7:00

Arirang

  • Race: Terran Terran
  • League: Diamond
  • Spawn Location: 7:00

qqq - Winner!

  • Race: Zerg Zerg
  • Spawn Location: 3:00

Massa - Winner!

  • Race: Terran Terran
  • League: Platinum
  • Spawn Location: 1:00

VOD

Have the link to the VOD?

Description

Time

  • Played on: Feb. 10, 2021, 1:39 p.m.
  • Length: 11:43
Show
View Real Time Build Order
Export as new Build Order

DonCarleone Protoss 

Build Orders: 1 Gate Expand 

Get SALT Encoding   

  12  0:13  Probe  
  13  0:25  Probe, Pylon  
  14  0:38  Probe (Chrono Boost)  
  15  0:47  Gateway  
  16  0:50  Probe (Chrono Boost)  
  16  0:55  Probe (Chrono Boost)  
  17  0:57  Assimilator  
  18  1:04  Probe  
  18  1:16  Probe  
  19  1:22  Nexus  
  19  1:34  Cybernetics Core  
  19  1:37  Probe  
  20  1:47  Assimilator  
  20  1:49  Probe  
  20  1:53  Pylon  
  21  2:01  Probe  
  22  2:12  Stalker (Chrono Boost)  
  22  2:13  Probe  
  25  2:25  Probe  
  26  2:31  Twilight Council  
  26  2:34  Stalker  
  28  2:38  Probe (Chrono Boost)  
  28  2:42  Probe (Chrono Boost)  
  30  2:48  Probe (Chrono Boost)  
  30  2:50  Warp Gate (Chrono Boost)  
  32  2:51  Probe (Chrono Boost)  
  32  2:53  Probe (Chrono Boost)  
  33  3:01  Probe  
  33  3:05  Probe  
  35  3:10  Robotics Facility  
  35  3:13  Probe  
  35  3:17  Probe  
  37  3:25  Probe, Charge  
  38  3:30  Probe, Gateway x2  
  39  3:37  Assimilator  
  39  3:38  Probe  
  40  3:42  Probe  
  41  3:50  Probe, Pylon  
  42  4:00  Observer  
  41  4:20  Immortal (Chrono Boost)  
  45  4:25  Stalker x2  
  45  4:26  Stalker  
  51  4:33  Probe  
  51  4:37  Probe, Gateway  
  51  4:38  Gateway  
  53  4:40  Pylon  
  53  4:41  Gateway  
  53  4:55  Probe  
  53  4:58  Probe, Pylon  
  55  5:01  Warp Prism (Chrono Boost)  
  55  5:05  Stalker  
  55  5:06  Stalker  
  61  5:26  Probe  
  59  5:32  Shield Battery  
  53  5:36  Dark Shrine  
  53  5:40  Stalker x4  
  53  5:41  Stalker  
  45  5:59  Observer (Chrono Boost)  
  45  6:00  Probe  
  45  6:03  Probe  
  47  6:06  Stalker  
  48  6:12  Probe  
  48  6:15  Probe  
  49  6:24  Probe  
  48  6:27  Probe  
  48  6:32  Shield Battery  
  49  6:34  Zealot x4  
  49  6:37  Probe  
  49  6:39  Probe  
  59  6:49  Probe  
  59  6:51  Probe  
  61  7:01  Probe  
  62  7:03  Probe  
  63  7:11  Dark Templar x2  
  63  7:12  Dark Templar  
  63  7:13  Probe  
  70  7:17  Probe  
  70  7:19  Pylon  
  70  7:22  Pylon  
  65  7:25  Probe  
  65  7:29  Zealot  
  67  7:30  Probe, Zealot  
  69  7:37  Probe  
  69  7:42  Probe  
  71  7:48  Forge  
  71  7:49  Probe  
  71  7:50  Pylon  
  72  7:51  Zealot x3  
  72  7:54  Probe  
  72  7:56  Dark Templar x2  
  65  8:33  Probe, Photon Cannon  
  64  8:35  Assimilator  
  64  8:36  Photon Cannon  
  64  8:39  Photon Cannon  
  64  8:42  Protoss Ground Weapons Level 1 (Chrono Boost), Photon Cannon  
  64  8:44  Stalker x4  
  64  8:45  Blink (Chrono Boost)  
  72  8:55  Probe  
  73  8:58  Pylon  
  73  9:01  Warp Prism (Chrono Boost)  
  73  9:07  Probe  
  73  9:09  Stalker x2  
  78  9:17  Stalker  
  78  9:18  Stalker x2  
  78  9:20  Stalker  
  78  9:22  Probe, Nexus  
  87  9:26  Pylon  
  87  9:30  Photon Cannon  
  87  9:32  Pylon  
  87  9:45  Photon Cannon  
  87  9:47  Stalker x3  
  93  10:24  Stalker  
  93  10:25  Stalker  
  93  10:26  Stalker  
  99  10:30  Stalker  
  99  10:31  Stalker x2  
  109  10:35  Immortal  
Show
View Real Time Build Order
Export as new Build Order

Arirang Terran 

Build Orders: Reaper Expand 

Get SALT Encoding   

  12  0:00  SCV  
  13  0:12  SCV  
  14  0:17  Supply Depot  
  14  0:24  SCV  
  15  0:39  SCV  
  15  0:40  Barracks  
  16  0:44  Refinery  
  16  0:51  SCV  
  17  1:03  SCV  
  18  1:15  SCV  
  19  1:29  Reaper, Orbital Command  
  20  1:43  Command Center  
  20  1:59  Supply Depot  
  20  2:08  SCV  
  21  2:21  Refinery  
  21  2:25  Factory  
  21  2:30  Barracks Reactor  
  21  2:33  SCV  
  21  3:00  SCV  
  21  3:04  Barracks  
  22  3:12  SCV  
  23  3:23  Orbital Command  
  23  3:26  Hellion  
  23  3:27  Hellion  
  27  3:30  SCV  
  27  3:32  Starport  
  27  3:34  Marine  
  29  3:41  Bunker  
  29  3:42  SCV  
  30  3:51  Hellion  
  30  3:52  Hellion  
  30  3:54  Marine x2  
  36  3:57  SCV x2  
  36  4:00  Supply Depot  
  36  4:01  Engineering Bay  
  37  4:17  Widow Mine x2  
  37  4:18  Marine x2  
  37  4:21  Liberator  
  42  4:28  Bunker  
  42  4:29  SCV  
  43  4:52  Widow Mine x2  
  47  4:56  Marine x2  
  47  4:58  SCV  
  50  5:05  Medivac  
  52  5:14  Orbital Command, Marine x2  
  54  5:40  Hellion  
  54  5:42  Hellion  
  41  5:55  SCV x2  
  43  6:01  Hellion, Medivac  
  43  6:04  Hellion, Marine  
  50  6:06  Barracks  
  50  6:07  SCV x2  
  52  6:12  Marine  
  51  6:19  SCV  
  51  6:21  Marine  
  52  6:29  SCV  
  52  6:31  SCV  
  54  6:42  Starport Reactor  
  54  6:58  Barracks Tech Lab  
  54  6:59  Barracks Reactor  
  54  7:03  SCV, Barracks  
  54  7:05  Marine  
  54  7:07  Missile Turret  
  54  7:08  Missile Turret  
  53  7:09  Hellion, Missile Turret  
  54  7:15  Orbital Command  
  53  7:22  Marine  
  53  7:28  Hellion  
  42  7:39  Viking x2  
  42  7:40  Marine  
  42  7:43  SCV  
  46  7:46  Missile Turret  
  46  7:47  Marine, Missile Turret  
  43  7:53  Barracks Reactor  
  43  7:55  SCV  
  43  7:58  Marine  
  45  8:07  SCV  
  45  8:08  SCV  
  46  8:15  Medivac  
  46  8:16  Marine, Missile Turret  
  46  8:18  Stimpack  
  49  8:26  SCV x2  
  51  8:33  Missile Turret  
  51  8:34  Widow Mine  
  53  8:44  Marine  
  54  8:49  Terran Infantry Weapons Level 1  
  54  8:53  Supply Depot x2  
  54  9:08  Supply Depot x2  
  54  9:12  Barracks Reactor  
  54  9:14  Marine  
  54  9:15  Widow Mine x2, SCV, Marauder, Marine x3  
  54  9:16  Factory  
  65  9:20  SCV  
  66  9:27  SCV, Missile Turret  
  66  9:28  Missile Turret  
  66  9:31  Missile Turret  
  67  9:32  SCV, Marine  
  67  9:33  Marine x2  
  67  9:36  Widow Mine, Marine  
  74  9:43  Engineering Bay  
  74  9:44  Widow Mine  
  76  9:50  Marine  
  77  9:53  SCV x2  
  77  9:54  Refinery  
  77  9:55  Refinery  
  77  9:57  Marine x2  
  77  9:58  Marauder, Marine, Combat Shield  
  84  10:06  SCV  
  85  10:11  Marine  
  86  10:19  Widow Mine, Marine x4, Supply Depot x2  
  86  10:20  Supply Depot  
  92  10:59  Marine x4  
  92  11:00  Marauder, Marine x2  
  100  11:17  Marine x4  
  104  11:22  Marauder  
Show
View Real Time Build Order
Export as new Build Order

qqq Zerg - Winner!

Build Orders: Hatch First, Brood Lord Corruptor 

Get SALT Encoding   

  12  0:00  Drone  
  13  0:08  Drone  
  14  0:17  Overlord  
  14  0:45  Hatchery  
  14  0:49  Drone  
  14  0:51  Drone  
  14  0:56  Drone  
  16  1:08  Drone  
  17  1:20  Extractor, Spawning Pool  
  17  1:25  Drone x2  
  17  1:34  Drone  
  18  1:44  Drone  
  19  2:00  Drone  
  20  2:06  Extractor  
  20  2:07  Queen  
  20  2:08  Queen  
  21  2:10  Drone x2  
  25  2:16  Overlord  
  25  2:25  Extractor  
  25  2:28  Drone  
  26  2:30  Metabolic Boost  
  26  2:36  Zergling x4  
  28  2:38  Drone  
  29  2:45  Extractor  
  29  2:49  Drone  
  30  2:55  Zergling x2, Overlord  
  30  2:57  Drone  
  32  3:00  Zergling x2  
  34  3:07  Zergling x2  
  34  3:10  Lair  
  34  3:11  Zergling x2  
  36  3:22  Zergling x6  
  36  3:25  Zergling x4, Overlord  
  36  3:26  Zergling x2  
  41  3:28  Zergling x2  
  41  3:33  Zergling x2  
  43  3:36  Zergling x2  
  44  3:51  Zergling x2  
  44  3:52  Hatchery  
  44  3:53  Drone  
  45  3:56  Zergling x2  
  45  3:57  Zergling x2  
  45  4:01  Zergling x2  
  46  4:19  Zergling x6  
  46  4:20  Drone x2  
  46  4:22  Overlord  
  46  4:23  Overlord  
  51  4:38  Spire  
  51  4:41  Drone x3  
  51  4:44  Extractor  
  52  4:57  Drone x3  
  52  4:59  Drone  
  56  5:04  Drone x2  
  56  5:05  Overlord  
  56  5:06  Drone x4  
  62  5:08  Zergling x2  
  63  5:26  Drone x3  
  66  5:31  Extractor  
  66  5:32  Extractor  
  57  5:44  Hatchery  
  45  5:51  Mutalisk x3  
  45  5:53  Drone x6  
  57  5:57  Infestation Pit  
  57  6:03  Drone  
  57  6:04  Drone x2  
  59  6:05  Drone  
  59  6:07  Mutalisk  
  62  6:19  Mutalisk  
  62  6:21  Zergling x4  
  64  6:27  Drone x4  
  67  6:33  Mutalisk  
  67  6:39  Drone x5  
  74  6:41  Hive  
  74  6:48  Drone, Spore Crawler  
  74  6:49  Mutalisk  
  76  7:06  Drone  
  76  7:07  Drone x2  
  79  7:09  Mutalisk, Zergling x6  
  79  7:10  Zergling x6  
  79  7:11  Spore Crawler  
  79  7:12  Spore Crawler  
  85  7:15  Spore Crawler  
  82  7:25  Mutalisk  
  82  7:26  Mutalisk  
  66  7:43  Drone x2  
  66  7:44  Drone x4  
  72  7:53  Overseer  
  72  7:56  Drone, Mutalisk  
  72  7:57  Mutalisk  
  71  8:12  Drone x3  
  69  8:15  Greater Spire  
  69  8:18  Pneumatized Carapace  
  69  8:19  Drone  
  71  8:20  Drone  
  71  8:21  Spine Crawler, Spore Crawler  
  69  8:32  Drone  
  70  8:35  Drone x2  
  72  8:44  Drone  
  72  8:47  Extractor  
  72  8:48  Extractor  
  71  8:49  Spine Crawler, Queen  
  71  8:50  Drone, Hatchery  
  73  9:03  Drone  
  73  9:05  Overlord x3  
  73  9:06  Mutalisk, Overlord  
  76  9:12  Hatchery  
  76  9:16  Drone  
  76  9:17  Corruptor x3  
  76  9:18  Hatchery  
  81  9:29  Drone  
  82  9:31  Drone  
  82  9:37  Corruptor x2  
  87  9:43  Corruptor x2  
  87  9:44  Drone  
  92  9:47  Queen  
  92  9:50  Brood Lord x2  
  92  9:52  Overlord x2  
  98  9:53  Drone  
  99  10:04  Corruptor x2  
  103  10:07  Drone  
  104  10:16  Brood Lord  
  106  10:22  Drone  
  107  10:31  Brood Lord  
  107  10:35  Brood Lord  
  111  10:36  Drone x4  
  111  10:37  Drone  
  116  10:44  Drone  
  116  10:46  Brood Lord  
  119  10:54  Drone x3  
  122  11:00  Corruptor  
  122  11:01  Zergling x10  
  122  11:02  Drone x3  
  132  11:06  Spine Crawler, Spore Crawler  
  128  11:14  Brood Lord x2  
  132  11:23  Spine Crawler  
  132  11:24  Spore Crawler  
Show
View Real Time Build Order
Export as new Build Order

Massa Terran - Winner!

Build Orders: Banshee Rush 

Get SALT Encoding   

  12  0:00  SCV  
  13  0:12  SCV  
  14  0:23  Supply Depot  
  14  0:24  SCV  
  15  0:43  Refinery  
  15  0:45  SCV  
  15  0:46  Barracks  
  17  0:57  SCV  
  17  1:09  SCV  
  18  1:21  SCV  
  19  1:33  SCV  
  20  1:43  Barracks Reactor  
  20  1:46  Command Center  
  20  1:47  Orbital Command  
  20  2:03  Supply Depot  
  20  2:11  Factory  
  20  2:18  SCV  
  20  2:19  Marine  
  20  2:20  Marine  
  23  2:30  SCV  
  24  2:37  Marine x2  
  26  2:55  Marine x2  
  30  2:58  Hellion  
  30  2:59  Starport  
  30  3:00  SCV  
  30  3:02  Orbital Command  
  31  3:09  Refinery  
  31  3:12  SCV  
  36  3:27  Hellion x2  
  36  3:30  SCV x2  
  38  3:35  Barracks Tech Lab, Starport Tech Lab  
  38  3:42  SCV  
  38  3:46  Supply Depot  
  43  3:48  Hellion x2  
  43  3:50  SCV  
  43  3:53  Cloaking Field  
  43  3:54  SCV  
  45  4:07  Banshee  
  48  4:27  SCV x2  
  50  4:31  Marine  
  50  4:38  Barracks  
  51  4:39  SCV x2, Barracks  
  51  4:40  Barracks  
  51  4:42  Barracks  
  52  4:49  Marine  
  52  4:51  SCV  
  54  5:03  Factory Tech Lab  
  54  5:05  Command Center, Stimpack  
  54  5:12  Supply Depot x2  
  54  5:14  Supply Depot  
  54  5:33  Banshee  
  50  6:12  Siege Tank  
  53  6:18  Barracks Reactor, Barracks Tech Lab  
  53  6:19  Barracks Tech Lab  
  53  6:20  Marine  
  54  6:34  SCV x2  
  54  6:35  SCV  
  54  6:38  Marine  
  58  6:40  Refinery  
  58  6:41  Refinery  
  58  6:42  Medivac  
  58  6:44  Siege Tank  
  58  6:45  Combat Shield  
  58  6:46  SCV  
  58  6:47  SCV x2  
  66  6:55  Marine  
  66  6:59  SCV x2  
  69  7:12  Medivac  
  69  7:13  Marine  
  69  7:29  Marauder x2, Marine x4  
  76  7:32  Marauder  
  78  7:37  SCV x2  
  78  7:38  SCV  
  81  7:47  Marine x2  
  81  7:49  SCV x2  
  85  7:55  SCV  
  85  8:02  SCV x2  
  85  8:14  SCV, Marauder  
  85  8:21  Marauder  
  84  8:37  Engineering Bay  
  84  8:40  Engineering Bay  
  84  8:41  Armory  
  84  8:42  Orbital Command  
  84  8:44  SCV  
  85  8:57  Supply Depot x2  
  85  8:58  Supply Depot x2  
  85  8:59  Supply Depot  
  85  9:02  Supply Depot  
  85  9:04  Supply Depot  
  85  9:09  Missile Turret  
  85  9:11  Missile Turret  
  85  9:15  Terran Infantry Armor Level 1, Terran Infantry Weapons Level 1, Missile Turret  
  85  9:18  Marine x4  
  85  9:19  SCV x2, Marauder x3  
  85  9:20  Missile Turret  
  85  9:23  Medivac  
  99  9:31  SCV x2  
  99  9:36  Marine x3  
  104  9:40  Marauder x2, Siege Tank  
  104  9:41  Marauder  
  104  9:43  SCV x2  
  115  9:55  SCV x2  
  117  10:00  Orbital Command  
  117  10:02  Marauder  
  117  10:03  Marauder x2  
  117  10:04  Marine x4  
  127  10:07  SCV x2  
  127  10:12  Refinery  
  127  10:13  Siege Tank  
  132  10:17  Refinery, Missile Turret  
  132  10:18  Medivac  
  132  10:20  SCV  
  135  10:22  Marine x4  
  135  10:24  Marauder  
  141  10:31  Supply Depot x2  
  141  10:36  Supply Depot  
  141  10:37  Supply Depot  
  141  10:39  Missile Turret  
  141  10:40  Supply Depot  
  141  10:41  Supply Depot  
  141  10:52  SCV x2, Marine x6  
  141  10:53  Marauder  
  151  11:01  Missile Turret, Supply Depot  
  151  11:03  Siege Tank  
  154  11:05  Supply Depot  
  154  11:08  Supply Depot x2  
  154  11:10  Marauder, Marine x4, Command Center  
  160  11:14  Marine  
  161  11:18  Sensor Tower  
  161  11:23  Sensor Tower  
  152  11:37  Missile Turret  
Tags
 
Add a new tag
Caveats
  • Supply blocks, unpowered buildings, or Contaminate may cause inaccurate times.
  • Supply counts are checked every 10 seconds.